 Dungeon Crawl Stone Soup version 0.31-a0-631-g285b096dc4 (webtiles) character file.

Game seed: 7454517756593251222

6473 inmateoo the Cleaver (level 10, -2/90 HPs)
             Began as a Minotaur Fighter on Aug 26, 2023.
             Was a High Priest of Okawaru.
             Killed by divine providence
             ... invoked by an orc priest
              (15 damage)
             ... on level 9 of the Dungeon.
             The game lasted 00:10:16 (8277 turns).

inmateoo the Cleaver (Minotaur Fighter)             Turns: 8277, Time: 00:10:16

Health: -2/90      AC: 17    Str: 22    XL:     10   Next: 68%
Magic:  13/13      EV: 11    Int:  5    God:    Okawaru [*****.]
Gold:   454        SH:  6    Dex: 13    Spells: 9/9 levels left

rFire   + + .        a - +1 war axe (protect)
rCold   + . .        c - +0 buckler
rNeg    . . .        s - +5 chain mail {rF+}
rPois   .            (helmet restricted)
rElec   .            N - scarf {rC+ rF+}
rCorr   +            i - +0 pair of gloves
SInv    .            (no boots)
Will    +....        (no amulet) Stlth
                     m - ring of willpower
HPRegen 0.35/turn    z - ring of resist corrosion
MPRegen 0.13/turn

%: no passive effects
@: no status effects
A: horns 2, retaliatory headbutt
a: Renounce Religion, Heroism, Finesse, Duel


You were on level 9 of the Dungeon.
You worshipped Okawaru.
Okawaru was extremely pleased with you.
You visited 1 branch of the dungeon, and saw 9 of its levels.
You also visited: Ossuary and Bailey.

You collected 454 gold pieces.

Inventory:

Hand Weapons
 a - a +1 war axe of protection (weapon)
 l - a +3 rapier of electrocution
 y - a +0 morningstar
 D - a +2 mace of holy wrath
 E - a +0 flail of holy wrath
Missiles
 f - 23 poisoned darts
 x - a throwing net
Armour
 c - a +0 buckler (worn)
 i - a +0 pair of gloves (worn)
 s - a +5 chain mail of fire resistance (worn)
 u - the +5 chain mail of Prudence {-Cast rElec rCorr Str+2}
   (You found it on level 4 of the Dungeon)

   Str+2:     It affects your strength (+2).
   rElec:     It insulates you from electricity.
   -Cast:     It prevents spellcasting.
   rCorr:     It protects you from acid and corrosion.
 J - the +0 scale mail of Miajeih {rElec rF- rN+ Str+4}
   (You found it in a bailey)

   Str+4:     It affects your strength (+4).
   rF-:       It makes you vulnerable to fire.
   rElec:     It insulates you from electricity.
   rN+:       It protects you from negative energy.
 N - a scarf of resistance (worn)
Jewellery
 m - a ring of willpower (left hand)
 z - a ring of resist corrosion (right hand)
 H - a +6 ring of intelligence
Wands
 j - a wand of quicksilver (16)
 o - a wand of polymorph (7)
 C - a wand of mindburst (8)
 K - a wand of flame (34)
Scrolls
 e - 3 scrolls of teleportation
 k - a scroll of silence
 n - 4 scrolls of revelation
 p - a scroll of fog
 q - 2 scrolls of fear
 G - a scroll of enchant armour
 L - a scroll of identify
 M - a scroll of vulnerability
Potions
 b - 2 potions of heal wounds
 d - 6 potions of might
 g - 3 potions of curing
 h - 4 potions of invisibility
 r - 4 potions of attraction {unknown}
 t - 3 potions of haste {unknown}
 w - 2 potions of ambrosia
 A - 3 potions of brilliance
 B - 3 potions of lignification {unknown}
 F - a potion of enlightenment {unknown}
Miscellaneous
 I - a condenser vane (inert)


   Skills:
 + Level 8.5 Fighting
 * Level 10.8 Axes
 + Level 8.5 Armour
 + Level 6.5 Dodging
 + Level 8.3 Shields
 + Level 5.4 Invocations


You had 9 spell levels left.
You didn't know any spells.
Your spell library contained the following spells:

 Spells                   Type           Power      Damage    Failure   Level
 Apportation              Tloc           0%         N/A       97%         1
 Freeze                   Ice            0%         1d3       97%         1
 Magic Dart               Conj           0%         1d3       97%         1
 Necrotise                Necr           0%         1d4       97%         1
 Sandblast                Erth           0%         2d4       97%         1
 Passwall                 Tmut/Erth      0%         N/A       99%         2
 Searing Ray              Conj           0%         2d4       99%         2
 Static Discharge         Conj/Air       0%         2-2/arc   99%         2
 Frozen Ramparts          Ice            0%         1d1       100%        3
 Hailstorm                Conj/Ice       0%         3d3       100%        3
 Mephitic Cloud           Conj/Pois/Air  0%         N/A       100%        3
 Stone Arrow              Conj/Erth      0%         3d7       100%        3
 Airstrike                Air            0%         2d(0-16)  100%        4
 Fulminant Prism          Conj/Hex       0%         3d5       100%        4
 Summon Small Mammal      Summ           Unusable   N/A       N/A         1
 Call Imp                 Summ           Unusable   N/A       N/A         2
 Summon Ice Beast         Ice/Summ       Unusable   N/A       N/A         4
 Summon Lightning Spire   Summ/Air       Unusable   N/A       N/A         4
 Simulacrum               Ice/Necr       Unusable   N/A       N/A         6

Dungeon Overview and Level Annotations

Branches:
Dungeon (9/15)             Temple (0/1) D:4            Lair (0/5) D:8
    Orc (0/2) D:9         Ossuary (visited)          Bailey (visited)

Altars:
Ashenzari
Makhleb
Okawaru
Qazlal
Ru
Sif Muna
Trog
Wu Jian
Yredelemnul
Zin


Innate Abilities, Weirdness & Mutations

You have a pair of horns on your head.
You reflexively headbutt those who attack you in melee.


Message History

The orc priest hits you but does no damage.
The orc barely misses you.
You hit the orc.
The orc is severely wounded.
The orc priest barely misses you. The orc hits you with a +0 mace.
You hit the orc but do no damage.
The orc is severely wounded.
The orc warrior hits you but does no damage.
The orc priest calls upon Beogh to heal the orc.
The orc's wounds heal themselves!
You block the orc priest's attack. The orc hits you but does no damage.
You barely miss the orc. You headbutt the orc, but do no damage.
The orc warrior hits you from afar with a +0 trident.
The orc priest closely misses you. You block the orc's attack.
The orc warrior attacks as it pursues you!
You block the orc warrior's attack.
The orc priest invokes the aid of Beogh against you.
Beogh smites you!
The orc priest calls down the wrath of Beogh upon you.
You easily resist.
You see here a +0 club.
The orc warrior attacks as it pursues you!
The orc warrior hits you from afar with a +0 trident!
The orc attacks as it pursues you! The orc barely misses you.
You furiously retaliate!
You headbutt the orc.
The orc priest invokes the aid of Beogh against you.
Beogh smites you!
* * * LOW HITPOINT WARNING * * *
The orc priest calls upon Beogh to heal the orc.
The orc's wounds heal themselves!
Things that are here:
a +0 hand axe; a +0 leather armour The orc warrior hits you from afar with a +0 trident!
* * * LOW HITPOINT WARNING * * *
The orc warrior hits you but does no damage.
Okay, then.
The orc priest looks braver for a moment.
The orc priest calls down the wrath of Beogh upon you.
Beogh smites you!
You die...

...............#
#..)..........#
...........##..#
#(##..........#
>..........##..#
#.##..........#
......)).......#
#.##......<)).#
......)...o....#
#.##......[[[.#
##.......o.....#
#.########[####
.).......))....## #.#
#.#
..........!..o..###.#
#.#
......##....).o.@##'###
#<# ##....
#...)..........# ###
#....................#
............[........#
..#########....)...# #
#........#
#####........ #........
#........


You could see an orc warrior, 2 orc priests and an orc.

Vanquished Creatures
  A two-headed ogre (D:7)
  A gargoyle (Bailey)
  Grinder (D:3)
  A wyvern (D:8)
  A vampire (Bailey)
  2 steam dragons
  A warg (D:9)
  An acid dragon (D:8)
  A water moccasin (D:6)
  5 orc warriors
  A black bear (D:8)
  A hornet zombie (Ossuary)
  3 sky beasts
  3 ice beasts
  2 centaurs
  Blork the orc (D:4)
  A kobold brigand (D:7)
  A bullfrog (D:6)
  2 scorpions (D:5)
  5 wights (D:7)
  3 water moccasin zombies (Ossuary)
  9 vampire bats (Bailey)
  9 wolf zombies (Bailey)
  Crazy Yiuf (D:4)
  4 bullfrog zombies (Ossuary)
  6 orc priests
  A hound (D:7)
  A gnoll bouda (D:7)
  5 centaur zombies (Ossuary)
  3 jellies
  A sleepcap (D:6)
  6 iguanas
  7 orc wizards
  Terence (D:2)
  A killer bee zombie (Ossuary)
  13 mummies (Ossuary)
  6 howler monkey zombies (Ossuary)
  10 adders
  7 gnolls
  2 shadow imps (D:8)
  3 ufetubi
  2 worms (D:3)
  3 dart slugs
  35 orcs
  7 endoplasms
  3 giant cockroaches
  5 goblins
  10 hobgoblins
  7 jackals (D:1)
  13 kobolds
  3 quokkas
  4 ball pythons
  5 bats
  3 frilled lizards
  18 orc zombies (Bailey)
  6 rats
258 creatures vanquished.

Vanquished Creatures (others)
  An orc wizard (D:9)
1 creature vanquished.

Grand Total: 259 creatures vanquished

Notes
Turn   | Place    | Note
-------+----------+-------------------------------------------
     0 | D:1      | inmateoo the Minotaur Fighter began the quest for the Orb.
     0 | D:1      | Reached XP level 1. HP: 19/19 MP: 0/0
   181 | D:1      | Reached XP level 2. HP: 25/27 MP: 1/1
   272 | D:1      | Reached skill level 3 in Axes
   751 | D:2      | Reached XP level 3. HP: 33/33 MP: 2/2
   994 | D:2      | Reached skill level 1 in Dodging
  1338 | D:2      | Reached XP level 4. HP: 37/40 MP: 3/3
  1519 | D:2      | Noticed Terence
  1529 | D:2      | Killed Terence
  1530 | D:2      | Reached skill level 4 in Axes
  1624 | D:3      | Found a broken altar of Ashenzari.
  1738 | D:3      | Found a stormy altar of Qazlal.
  1744 | D:3      | Found a sacrificial altar of Ru.
  1745 | D:3      | Found an ornate altar of the Wu Jian Council.
  1746 | D:3      | Found a burning altar of Makhleb.
  1906 | D:3      | Noticed Grinder
  1926 | D:3      | Killed Grinder
  1927 | D:3      | Reached skill level 5 in Axes
  1927 | D:3      | Reached XP level 5. HP: 13/47 MP: 4/4
  1927 | D:3      | Reached XP level 6. HP: 15/53 MP: 5/5
  2197 | D:3      | Found a bloodstained altar of Trog.
  2197 | D:3      | Found an iron altar of Okawaru.
  2333 | D:3      | Became a worshipper of Warmaster Okawaru
  2713 | D:4      | Noticed Blork the orc
  2719 | D:4      | Killed Blork the orc
  2720 | D:4      | Reached skill level 5 in Fighting
  2720 | D:4      | Reached skill level 5 in Armour
  2729 | D:4      | Identified the +5 chain mail of Prudence {-Cast rElec rCorr
                  | Str+2}
  2991 | D:4      | Reached skill level 5 in Shields
  2991 | D:4      | Reached XP level 7. HP: 61/61 MP: 6/6
  3085 | D:4      | Found a runed translucent door.
  3086 | D:4      | Noticed Crazy Yiuf
  3266 | D:4      | Found a staircase to the Ecumenical Temple.
  3361 | D:4      | Killed Crazy Yiuf
  3362 | D:4      | Reached skill level 1 in Invocations
  3478 | D:5      | Entered Level 5 of the Dungeon
  3634 | D:5      | Reached skill level 6 in Axes
  3687 | D:5      | Found a sand-covered staircase.
  3694 | Ossuary  | Entered an ossuary
  3719 | Ossuary  | Reached * piety under Okawaru
  3853 | Ossuary  | Reached XP level 8. HP: 44/70 MP: 8/8
  3883 | Ossuary  | Reached skill level 7 in Axes
  3945 | Ossuary  | Reached ** piety under Okawaru
  4500 | D:6      | Found a glowing silver altar of Zin.
  4588 | D:6      | Reached skill level 8 in Axes
  4683 | D:6      | Reached XP level 9. HP: 73/78 MP: 10/10
  4972 | D:6      | Reached *** piety under Okawaru
  5391 | D:7      | Found a faded altar of an unknown god.
  5452 | D:7      | Reached skill level 5 in Dodging
  5568 | D:7      | Reached skill level 9 in Axes
  5703 | D:7      | Found a basalt altar of Yredelemnul.
  5724 | D:7      | Found a flagged portal.
  5810 | Bailey   | Entered a bailey
  5968 | Bailey   | Reached **** piety under Okawaru
  6188 | Bailey   | Noticed a gargoyle
  6195 | Bailey   | Killed a gargoyle
  6196 | Bailey   | Reached XP level 10. HP: 88/88 MP: 9/12
  6220 | Bailey   | Identified the +0 scale mail of Miajeih {rElec rF- rN+
                  | Str+4}
  6402 | D:7      | Reached skill level 10 in Axes
  6406 | D:7      | Noticed a two-headed ogre
  6415 | D:7      | Killed a two-headed ogre
  6416 | D:7      | Reached skill level 5 in Invocations
  6797 | D:7      | Found a shimmering blue altar of Sif Muna.
  7013 | D:8      | Found a staircase to the Lair.
  7240 | D:8      | Identified the +0 robe of the King of the Hill {+Inv rElec
                  | rC+ Int-5}
  8254 | D:9      | Reached ***** piety under Okawaru
  8258 | D:9      | Identified the +0 dagger of Excruciating Pain {pain, rC+
                  | rCorr Int+4}
  8260 | D:9      | Found a staircase to the Orcish Mines.
  8277 | D:9      | Killed from afar by an orc priest

Illustrated notes

Levels and vault maps discovered:
D:1:      ebering_trefoil_twist, layout_basic
D:2:      layout_rooms, serial_co_window_serial, co_window_cross_1,
          co_window_corner_a, co_window_corner_a, co_window_corner_a,
          co_window_corner_a, co_window_of_opportunity_a,
          co_window_of_opportunity_a, co_window_corner_b, co_window_corner_b,
          co_window_2corner, co_window_broadway_a, co_window_cross_3,
          co_window_paths_e, minmay_pentomino_o2, uniq_terence
D:3:      layout_loops_ring, cheibrodos_ashenzari_chains, minitemple,
          gammafunk_temple_overflow_statue, corexii_leaking_fountain,
          uniq_grinder
D:4:      layout_basic, minmay_temple_entry_poolview, uniq_crazy_yiuf_cottage,
          uniq_blork_the_orc
D:5:      lemuel_ice_spiral_2, layout_basic, chequers_ossuary_entry_cave
D:6:      layout_gridville, nicolae_overflow_crystal_walls
D:7:      layout_cave_pools, mainiacjoe_overflow_cross_hatched,
          lemuel_blue_sif_altar, serial_column_ruins, column_ruins_hut_ruined,
          column_ruins_temple_hut, column_ruins_open_small_water,
          column_ruins_open_small, column_ruins_columns_straight,
          column_ruins_columns_straight, enter_bailey_4
D:8:      layout_basic, dpeg_oklobed_lair, hangedman_decor_opposing
D:9:      layout_basic, erik_orc_4

Skill      XL: |  1  2  3  4  5  6  7  8  9 10 |
---------------+-------------------------------+-----
Axes           | 3 5 6 8 9 10 | 10.8
Fighting       | 4 5 6 7 8 |  8.5
Dodging        | 1 2 3 4 5 6 |  6.5
Shields        | 4 5 6 7 8 |  8.3
Armour         | 4 5 6 7 8 |  8.5
Invocations    | 2 3 4 5 |  5.4

Action                     |  1- 3 |  4- 6 |  7- 9 | 10-12 || total
---------------------------+-------+-------+-------+-------++-------
  Melee: War axe           |    44 |       |   179 |   143 ||   366
         Headbutt          |     7 |    12 |    95 |    30 ||   144
         Rapier            |    35 |    83 |   221 |       ||   339
 Invoke: Heroism           |       |       |     2 |       ||     2
  Evoke: Wand              |       |       |       |     7 ||     7
         Condenser vane    |       |       |       |     1 ||     1
    Use: Scroll            |       |     7 |    11 |       ||    18
 Armour: Scale mail        |    31 |     1 |       |       ||    32
         Chain mail        |       |    30 |   284 |    83 ||   397
  Dodge: Dodged            |    29 |    27 |   207 |    72 ||   335
  Block: Buckler           |    26 |    20 |   127 |    38 ||   211

Table legend: (Time is in decaauts)
 A = Elapsed time spent in this place.
 B = Non-inter-level travel time spent in this place.
 C = Inter-level travel time spent in this place.
 D = Time resting spent in this place.
 E = Time spent auto-exploring this place.
 F = Levels seen in this place.
 G = Mean time per level.
                   A        B        C        D        E       F      G
               +--------+--------+--------+--------+--------+-----+--------+
         Total |   8401 |   8100 |    301 |   1276 |   4480 |  11 |  763.7 |
       Dungeon |   7403 |   7102 |    301 |   1057 |   4466 |   9 |  822.6 |
       Ossuary |    486 |    486 |      0 |    103 |     14 |   1 |  486.0 |
        Bailey |    511 |    511 |      0 |    116 |      0 |   1 |  511.0 |
               +--------+--------+--------+--------+--------+-----+--------+

Top non-repeatable levels by time:
     D:8: 1129 daAuts
     D:4: 1014 daAuts
     D:7: 1002 daAuts
     D:2: 888 daAuts
     D:6: 859 daAuts
     D:3: 858 daAuts
     D:1: 762 daAuts
     D:5: 614 daAuts
  Bailey: 511 daAuts
 Ossuary: 486 daAuts
     D:9: 274 daAuts
